 Dungeon Crawl Stone Soup version 0.26-a0-969-g2c58977ddd (webtiles) character file.

Game seed: 5689735272762102063

58 Descartes the Magician (level 3, -2/19 HPs)
             Began as a Deep Elf Hedge Wizard on Dec 4, 2020.
             Slain by a worker ant (3 damage)
             ... on level 2 of the Dungeon.
             The game lasted 00:03:23 (1923 turns).

Descartes the Magician (Deep Elf Hedge Wizard)      Turns: 1923, Time: 00:03:24

Health: -2/19      AC:  3    Str:  7    XL:     3   Next: 75%
Magic:  0/10       EV: 12    Int: 19    God:
Gold:   64         SH:  4    Dex: 14    Spells: 9/10 levels left

rFire    . . .     SeeInvis .   i - +0 hunting sling
rCold    . . .     Faith    .   o - +0 buckler
rNeg     . . .     Spirit   .   b - +0 robe
rPois    .         Reflect  .   c - +0 hat
rElec    .         Harm     .   (no cloak)
rCorr    .         Rampage  .   (no gloves)
MR       .....                  f - +0 pair of boots
Stlth    ++........             (no amulet)
HPRegen  0.06/turn              (no ring)
MPRegen  0.12/turn              (no ring)

@: lethally poisoned (-2 -> -12), attractive
A: no striking features
a: no special abilities


You were on level 2 of the Dungeon.
You visited 1 branch of the dungeon, and saw 2 of its levels.

You collected 64 gold pieces.

Inventory:

Hand Weapons
 a - a +0 dagger
 i - a +0 hunting sling (weapon)
Missiles
 d - 104 stones (quivered)
 h - 50 arrows
 k - 48 sling bullets
 l - 20 bolts
 m - 24 poisoned darts
Armour
 b - a +0 robe (worn)
 c - a +0 hat (worn)
 f - a +0 pair of boots (worn)
 o - a +0 buckler (worn)
Scrolls
 e - a scroll of amnesia {unknown}
 g - a scroll of magic mapping {unknown}
 j - 2 scrolls of teleportation {unknown}
 p - a scroll of enchant weapon {unknown}
 r - a scroll of remove curse {unknown}
Potions
 n - a potion of heal wounds {unknown}
 q - a potion of attraction


   Skills:
 - Level 2.4 Dodging
 - Level 2.4 Stealth
 + Level 0.9 Shields
 - Level 4.4 Spellcasting
 + Level 3.7 Conjurations
 - Level 1.1 Summonings
 - Level 1.1 Translocations


You had 9 spell levels left.
You knew the following spells:

 Your Spells              Type           Power        Failure   Level
a - Magic Dart            Conj           ###.         4%          1

Your spell library contained the following spells:

 Spells                   Type           Power        Failure   Level
 Blink                    Tloc           N/A          19%         2
 Call Imp                 Summ           #.......     19%         2
 Conjure Flame            Conj/Fire      ##......     26%         3
 Slow                     Hex            #.......     28%         2
 Mephitic Cloud           Conj/Pois/Air  #.......     34%         3


Dungeon Overview and Level Annotations

Branches:
Dungeon (2/15)

Altars:


Message History

Really attack while wielding your +0 hunting sling? [Y]es or [N]o only, please.
Really attack while wielding your +0 hunting sling? [Y]es or [N]o only, please.
Really attack while wielding your +0 hunting sling? [Y]es or [N]o only, please.
Really attack while wielding your +0 hunting sling? [Y]es or [N]o only, please.
Really attack while wielding your +0 hunting sling? [Y]es or [N]o only, please.
Really attack while wielding your +0 hunting sling?
Okay, then.
Casting: Magic Dart (safe; 4% risk of failure)
Confirm with . or Enter, or press ? or * to list all spells.
You don't have enough magic to cast that spell.
It was a potion of attraction.
You feel attractive to monsters.
* * * LOW HITPOINT WARNING * * *
You feel sick. The worker ant bites you.
You die...

#.# ##.. #.#####..
#....##.#####
#.##.##.#..†.
#.........#######
#...#...........#
##..#.....[.....#
###.#...........#
#@B.............#
#.#.##..........#
#.#.............#
................##
.#.#.#....###..####
#........#......####
# ..#.##..#..#......
###.##...#.#..####
#.#.#........


You could see a worker ant.

Vanquished Creatures
  An adder (D:2)
  An ooze (D:1)
  5 bats
  2 giant cockroaches
  A goblin (D:2)
  5 hobgoblins
  7 jackals
  A ball python (D:1)
  A frilled lizard (D:1)
  9 kobolds
  10 rats (D:1)
43 creatures vanquished.

Notes
Turn   | Place    | Note
-------+----------+-------------------------------------------
     0 | D:1      | Descartes the Deep Elf Hedge Wizard began the quest for the
                  | Orb.
     0 | D:1      | Reached XP level 1. HP: 10/10 MP: 7/7
   182 | D:1      | Reached XP level 2. HP: 15/15 MP: 5/9
   858 | D:1      | Reached XP level 3. HP: 19/19 MP: 4/10
  1923 | D:2      | Slain by a worker ant

Illustrated notes

Levels and vault maps discovered:
D:1:      erik_arrival_cave_to_civilisation [erik_arrival_cave_to_temple],
          layout_basic, minmay_misc_feat_rows
D:2:      layout_rooms

Skill      XL: |  1  2 |
---------------+-------+-----
Conjurations   | 2 3 |  3.7
Dodging        | |  2.4
Stealth        | |  2.4
Shields        | |  0.9
Spellcasting   | |  4.4
Summonings     | |  1.1
Translocations | |  1.1

Action                   || total
-------------------------++-------
Melee: Dagger            ||    30
 Fire: Hunting sling     ||     3
 Cast: Magic Dart        ||    99
  Use: Potion            ||     1
Armor: Robe              ||    16
Dodge: Dodged            ||    40
Block: Buckler           ||     4

Table legend: (Time is in decaauts)
 A = Elapsed time spent in this place.
 B = Non-inter-level travel time spent in this place.
 C = Inter-level travel time spent in this place.
 D = Time resting spent in this place.
 E = Time spent auto-exploring this place.
 F = Levels seen in this place.
 G = Mean time per level.
                   A        B        C        D        E       F      G
               +--------+--------+--------+--------+--------+-----+--------+
         Total |   1923 |   1821 |    102 |      0 |   1605 |   2 |  961.5 |
       Dungeon |   1923 |   1821 |    102 |      0 |   1605 |   2 |  961.5 |
               +--------+--------+--------+--------+--------+-----+--------+

Top non-repeatable levels by time:
     D:1: 1467 daAuts
     D:2: 456 daAuts
